 Dungeon Crawl Stone Soup version 0.30-a0-778-g2ef04afb54 (webtiles) character file.

Game seed: 6991677901464208538

42 Pimp the Trooper (level 3, -2/29 HPs)
             Began as a Demonspawn Berserker on Feb 15, 2023.
             Was a Believer of Trog.
             Slain by an iguana (12 damage)
             ... on level 3 of the Dungeon.
             The game lasted 00:02:07 (1582 turns).

Pimp the Trooper (Demonspawn Berserker)             Turns: 1582, Time: 00:02:08

Health: -2/29      AC:  3    Str: 19    XL:     3   Next: 35%
Magic:  3/3        EV: 12    Int:  8    God:    Trog [**....]
Gold:   28         SH:  4    Dex: 12    Spells: 2/2 levels left

rFire   . . .      SeeInvis .    a - +0 falchion
rCold   . . .      Faith    .    (no shield)
rNeg    . . .      Spirit   .    b - +0 animal skin
rPois   .          Reflect  .    (no helmet)
rElec   .          Harm     .    i - +0 cloak
rCorr   .          Rampage  .    (no gloves)
Will    .....                    (no boots)
Stlth   +                        (no amulet)
HPRegen 0.24/turn                (no ring)
MPRegen 0.08/turn                (no ring)

@: no status effects
A: demonic guardian 1, condensation shield
a: Renounce Religion, Berserk, Trog's Hand


You were on level 3 of the Dungeon.
You worshipped Trog.
Trog was pleased with you.
You visited 1 branch of the dungeon, and saw 3 of its levels.

You collected 28 gold pieces.

Inventory:

Hand Weapons
 a - a +0 falchion (weapon)
 j - a +0 dagger of electrocution
Armour
 b - a +0 animal skin (worn)
 i - a +0 cloak (worn)
Scrolls
 c - a scroll of enchant weapon {unknown}
 d - a scroll of magic mapping {unknown}
 f - a scroll of immolation {unknown}
 g - a scroll of identify {unknown}
 h - a scroll of teleportation {unknown}
 k - a scroll of silence {unknown}
 l - a scroll of vulnerability {unknown}
 m - a scroll of poison {unknown}
 n - a scroll of fear {unknown}
Potions
 e - a potion of degeneration {unknown}


   Skills:
 + Level 3.3 Fighting
 + Level 3.3 Long Blades
 + Level 1.8 Armour
 + Level 2.1 Dodging
 + Level 0.5 Shields


You had 2 spell levels left.
You didn't know any spells.
Your spell library was empty.

Dungeon Overview and Level Annotations

Branches:
Dungeon (3/15)

Altars:


Innate Abilities, Weirdness & Mutations

A weak demonic guardian rushes to your aid.
A meltable shield of frost defends you. (SH +4)


Message History

The hobgoblin is moderately wounded.
The iguana hisses menacingly.
The hobgoblin misses you.
You closely miss the hobgoblin.
The hobgoblin is moderately wounded.
The hobgoblin closely misses you.
You hit the hobgoblin.
The hobgoblin is almost dead.
The hobgoblin barely misses you. The hobgoblin hits you.
You slash the hobgoblin!
You kill the hobgoblin!
Trog accepts your kill.
You slash the endoplasm!
You kill the endoplasm!
Trog accepts your kill.
You hit the quokka.
The quokka is moderately wounded.
The quokka closely misses you.
You hit the quokka.
The quokka is severely wounded.
The quokka bites you but does no damage.
The quokka bites you.
You barely miss the quokka.
The quokka is severely wounded.
The quokka misses you.
You hit the quokka.
You kill the quokka!
Trog accepts your kill.
You barely miss the iguana. The iguana closely misses you.
You barely miss the iguana.
The iguana bites you but does no damage.
The iguana barely misses you.
You hit the iguana but do no damage. The iguana bites you!
You closely miss the iguana. The iguana completely misses you.
You barely miss the iguana. The iguana bites you.
You hit the iguana but do no damage. You block the iguana's attack.
You slash the iguana!
The iguana is heavily wounded.
The iguana bites you!
You die...

########### #.........#
####...<.....#
##########............#
........$l@##.........##
##.....#####.......<..#
#.....# ##########.#
#..r... .# ........## #
........# ........#
........# #.......#


You could see an iguana.

Vanquished Creatures
  A worm (D:2)
  4 orcs (D:2)
  2 ball pythons (D:2)
  An endoplasm (D:3)
  3 giant cockroaches
  3 goblins
  3 hobgoblins
  3 jackals (D:2)
  3 quokkas
  A bat (D:2)
  3 kobolds (D:2)
  2 rats (D:2)
29 creatures vanquished.

Vanquished Creatures (collateral kills)
  A hobgoblin (D:2)
1 creature vanquished.

Grand Total: 30 creatures vanquished

Notes
Turn   | Place    | Note
-------+----------+-------------------------------------------
     0 | D:1      | Pimp the Demonspawn Berserker began the quest for the Orb.
     0 | D:1      | Reached XP level 1. HP: 18/18 MP: 1/1
     2 | D:1      | Noticed a human
     2 | D:1      | Noticed a vine stalker
     4 | D:1      | Noticed a naga
     6 | D:1      | Noticed a merfolk
     6 | D:1      | Noticed a demigod
     8 | D:1      | Noticed a minotaur
     8 | D:1      | Noticed a tengu
    10 | D:1      | Noticed a vampire
    10 | D:1      | Noticed a gargoyle
    12 | D:1      | Noticed a ghoul
    14 | D:1      | Noticed a meteoran
    16 | D:1      | Noticed an octopode
    16 | D:1      | Noticed a draconian
    18 | D:1      | Noticed an elf
    18 | D:1      | Noticed a spriggan
    20 | D:1      | Noticed an ogre
    20 | D:1      | Noticed a troll
    22 | D:1      | Noticed a felid
    22 | D:1      | Noticed an armataur
    24 | D:1      | Noticed a demonspawn
    24 | D:1      | Noticed a minotaur
    26 | D:1      | Noticed an ogre
    26 | D:1      | Noticed an ogre
   124 | D:1      | You fall into a shaft and drop 1 floor!
   178 | D:2      | Gained mutation: A meltable shield of frost defends you.
                  | (SH +4) [demonic ancestry]
   178 | D:2      | Reached XP level 2. HP: 7/24 MP: 2/2
   239 | D:2      | HP: 1/24 [worm (5)]
   833 | D:2      | Gained mutation: A weak demonic guardian rushes to your
                  | aid. [demonic ancestry]
   833 | D:2      | Reached XP level 3. HP: 29/29 MP: 3/3
  1060 | D:2      | Reached ** piety under Trog
  1582 | D:3      | Slain by an iguana

Illustrated notes

Levels and vault maps discovered:
D:1:      kb_arrival_jail, layout_basic
D:2:      layout_basic, wad_orctagon
D:3:      layout_rooms, zin_academy, serial_shops, nicolae_square_shop,
          serial_park_tiny_1, reono_crystal_passage, kennysheep_potato

Skill      XL: |  1  2 |
---------------+-------+-----
Long Blades    | 3 |  3.3
Dodging        | 2 |  2.1
Fighting       | |  3.3
Armour         | |  1.8
Shields        | |  0.5

Action                     || total
---------------------------++-------
  Melee: Falchion          ||   108
 Armour: Animal skin       ||    11
  Dodge: Dodged            ||    67
  Block: Other             ||    23

Table legend: (Time is in decaauts)
 A = Elapsed time spent in this place.
 B = Non-inter-level travel time spent in this place.
 C = Inter-level travel time spent in this place.
 D = Time resting spent in this place.
 E = Time spent auto-exploring this place.
 F = Levels seen in this place.
 G = Mean time per level.
                   A        B        C        D        E       F      G
               +--------+--------+--------+--------+--------+-----+--------+
         Total |   1597 |   1583 |     14 |    261 |   1012 |   3 |  532.3 |
       Dungeon |   1597 |   1583 |     14 |    261 |   1012 |   3 |  532.3 |
               +--------+--------+--------+--------+--------+-----+--------+

Top non-repeatable levels by time:
     D:2: 1425 daAuts
     D:1: 124 daAuts
     D:3: 48 daAuts
